 Dungeon Crawl Stone Soup version 0.26-a0-639-g72c4674329 (webtiles) character file.

Game seed: 8939775693634192534

226 Lanoc the Grave Robber (level 5, -11/42 HPs)
             Began as a Deep Elf Necromancer on Sept 28, 2020.
             Mangled by a mummy (19 damage)
             ... in an ossuary.
             The game lasted 00:04:42 (2696 turns).

Lanoc the Grave Robber (Deep Elf Necromancer)       Turns: 2696, Time: 00:04:43

Health: -11/42     AC:  2    Str:  5    XL:     5   Next: 69%
Magic:  11/11      EV: 14    Int: 21    God:
Gold:   110        SH:  0    Dex: 15    Spells: 5/10 levels left

rFire    + . .     SeeInvis .   (no weapon)
rCold    + . .     Faith    .   (no shield)
rNeg     . . .     Spirit   .   a - +0 robe
rPois    +         Reflect  .   (no helmet)
rElec    +         Harm     .   (no cloak)
rCorr    +         Rampage  .   (no gloves)
MR       .....                  (no boots)
Stlth    ..........             (no amulet)
HPRegen  0.14/turn              (no ring)
MPRegen  0.12/turn              (no ring)

@: brilliant, berserking, resistant, marked, lightly drained, very quick
A: no striking features
a: no special abilities


You were in an ossuary.
You visited 1 branch of the dungeon, and saw 4 of its levels.
You also visited: Ossuary.

You collected 110 gold pieces.

Inventory:

Missiles
 b - 4 atropa-tipped darts (quivered)
Armour
 a - a +0 robe (worn)
Wands
 e - a wand of disintegration (19)
Scrolls
 g - a scroll of noise {unknown}
Potions
 d - 2 potions of brilliance
 h - a potion of ambrosia
 i - a potion of invisibility {unknown}
 j - 3 potions of curing
 k - a potion of haste
 l - 2 potions of degeneration {unknown}


   Skills:
 + Level 4.6(4.1) Dodging
 - Level 2.4(1.9) Stealth
 - Level 3.0(2.5) Spellcasting
 * Level 7.4(6.9) Necromancy


You had 5 spell levels left.
You knew the following spells:

 Your Spells              Type           Power        Failure   Level
a - Pain                  Necr           ####         1%          1
b - Animate Skeleton      Necr           #####.       1%          1
c - Vampiric Draining     Necr           #####.....   2%          3

Your spell library contained the following spells:

 Spells                   Type           Power        Failure   Level
 Animate Dead             Necr           #####.....   9%          4
 Magic Dart               Conj           #...         14%         1
 Blink                    Tloc           N/A          22%         2
 Call Imp                 Summ           #.......     22%         2
 Slow                     Hex            #.......     22%         2
 Agony                    Necr           #####...     22%         5
 Conjure Flame            Conj/Fire      #.......     38%         3
 Mephitic Cloud           Conj/Pois/Air  #.......     38%         3


Dungeon Overview and Level Annotations

Branches:
Dungeon (4/15)            Ossuary (1/1)
 Temple: D:4-7

Altars:
Makhleb
Vehumet
Xom


Message History

You hit the mummy but do no damage. The mummy hits you.
You barely miss the mummy. The mummy barely misses you.
You hit the mummy but do no damage. You barely miss the mummy.
The mummy hits you.
You hit the mummy but do no damage. You hit the mummy but do no damage.
The mummy hits you.
You barely miss the mummy. The mummy closely misses you.
It was a potion of brilliance.
You feel clever all of a sudden.
Okay, then.
It was a potion of resistance.
You feel protected. The mummy hits you!
Ouch! That really hurt!
* * * LOW HITPOINT WARNING * * *
It was a potion of berserk rage.
A red film seems to cover your vision as you go berserk!
You feel yourself moving faster!
You feel mighty!
You barely miss the mummy. The mummy hits you!!
You die...

### ##.## !?.
##### ?M. #...#
#M# #...# #M#
##.## ###@### #.#
##.....## ##.+
##.......###..#
#.........#...+
+....⌠....'...###
#.........#...'.#
##.....^.###..###
##^....## ##.'.#
###'### #.###


You could see 3 mummies.

Vanquished Creatures
  A howler monkey (D:4)
  Terence (D:3)
  Natasha (D:3)
  A worker ant (D:4)
  8 adders
  A worm (D:2)
  A dart slug (D:2)
  3 orcs (D:3)
  A ball python (D:3)
  2 giant cockroaches (D:2)
  3 goblins
  3 hobgoblins
  4 jackals
  2 kobolds
  2 quokkas (D:2)
  3 bats
  2 kobold zombies (Ossuary)
  3 rats
42 creatures vanquished.

Notes
Turn   | Place    | Note
-------+----------+-------------------------------------------
     0 | D:1      | Lanoc the Deep Elf Necromancer began the quest for the Orb.
     0 | D:1      | Reached XP level 1. HP: 10/10 MP: 6/6
   269 | D:1      | Learned a level 1 spell: Animate Skeleton
   280 | D:2      | Reached skill level 5 in Necromancy
   280 | D:2      | Reached XP level 2. HP: 12/15 MP: 4/8
   613 | D:2      | Reached XP level 3. HP: 18/19 MP: 6/9
   679 | D:3      | Noticed Terence
   686 | D:3      | Killed Terence
   686 | D:3      | Reached skill level 6 in Necromancy
   962 | D:2      | Reached XP level 4. HP: 22/24 MP: 6/10
   973 | D:2      | Learned a level 3 spell: Vampiric Draining
  1527 | D:3      | Found a shimmering altar of Xom.
  1778 | D:3      | Noticed Natasha
  1802 | D:3      | Killed Natasha
  1802 | D:3      | Reached XP level 5. HP: 14/28 MP: 3/11
  2067 | D:3      | Reached skill level 7 in Necromancy
  2225 | D:3      | Found a radiant altar of Vehumet.
  2226 | D:3      | Found a burning altar of Makhleb.
  2377 | D:4      | Found a sand-covered staircase.
  2382 | Ossuary  | Entered an ossuary
  2696 | Ossuary  | Mangled by a mummy

Illustrated notes

Levels and vault maps discovered:
D:1:      dpeg_arrival_line_fractal, layout_basic
D:2:      layout_rooms, minmay_increasing_density
D:3:      layout_basic, grunt_temple_overflow_lords_of_destruction,
          xom_teletrap_fun, uniq_terence, uniq_natasha
D:4:      layout_basic, lemuel_crystal_altar, minmay_temple_entry_hall,
          enter_ossuary_5, uniq_grinder
Ossuary:  ossuary_crypta

Skill      XL: |  1  2  3  4  5 |
---------------+----------------+-----
Necromancy     | 5 6 7 |  7.4
Dodging        | 3 4 |  4.6
Stealth        | |  2.4
Spellcasting   | |  3.0

Action                   |  1- 3 |  4- 6 || total
-------------------------+-------+-------++-------
Melee: Unarmed           |     1 |    46 ||    47
 Cast: Pain              |    32 |    60 ||    92
       Vampiric Draining |       |     1 ||     1
  Use: Scroll            |       |     7 ||     7
       Potion            |       |     4 ||     4
 Stab: Sleeping          |       |     1 ||     1
Armor: Robe              |     1 |    10 ||    11
Dodge: Dodged            |     6 |    60 ||    66

Table legend: (Time is in decaauts)
 A = Elapsed time spent in this place.
 B = Non-inter-level travel time spent in this place.
 C = Inter-level travel time spent in this place.
 D = Time resting spent in this place.
 E = Time spent auto-exploring this place.
 F = Levels seen in this place.
 G = Mean time per level.
                   A        B        C        D        E       F      G
               +--------+--------+--------+--------+--------+-----+--------+
         Total |   2678 |   2674 |      4 |    310 |   1929 |   5 |  535.6 |
       Dungeon |   2376 |   2372 |      4 |    268 |   1717 |   4 |  594.0 |
       Ossuary |    301 |    301 |      0 |     42 |    212 |   1 |  301.0 |
               +--------+--------+--------+--------+--------+-----+--------+

Top non-repeatable levels by time:
     D:3: 1064 daAuts
     D:2: 686 daAuts
     D:1: 516 daAuts
 Ossuary: 301 daAuts
     D:4: 109 daAuts
